 Dungeon Crawl Stone Soup version 0.29.1-2-gbd0b4ee654 (webtiles) character file.

Game seed: 16494925412265492243

33 hawla the Chiller (level 3, -3/26 HPs)
             Began as a Meteoran Ice Elementalist on Nov 30, 2022.
             Killed by divine providence
             ... invoked by an orc priest
              (14 damage)
             ... on level 3 of the Dungeon.
             The game lasted 00:04:18 (338 turns).

hawla the Chiller (Meteoran Ice Elementalist)        Turns: 338, Time: 00:04:18

Health: -3/26      AC:  2    Str: 10    XL:     3   Next: 70%
Magic:  6/8        EV: 12    Int: 18    God:
Gold:   40         SH:  0    Dex: 14    Spells: 4/8 levels left

rFire   . . .      SeeInvis .   d - +3 dagger
rCold   . . .      Faith    .   (no shield)
rNeg    . . .      Spirit   .   a - +0 robe
rPois   .          Reflect  .   (no helmet)
rElec   .          Harm     .   (no cloak)
rCorr   .          Rampage  .   (no gloves)
Will    .....                   (no boots)
Stlth   +.........              (no amulet)
HPRegen 0.08/turn               (no ring)
MPRegen 0.11/turn               (no ring)

@: glowing
A: sense surroundings 1, otherworldly, glowing, explore regen
a: no special abilities


You were on level 3 of the Dungeon.
You visited 1 branch of the dungeon, and saw 3 of its levels.

You collected 40 gold pieces.

Inventory:

Hand Weapons
 d - a +3 dagger (weapon)
Armour
 a - a +0 robe (worn)
Magical Staves
 c - a staff of cold
Jewellery
 e - a ring of wizardry
Potions
 b - a potion of magic
 f - 2 potions of haste {unknown}
 g - 3 potions of curing
 h - a potion of flight {unknown}
 i - a potion of attraction {unknown}
 j - a potion of might {unknown}


   Skills:
 + Level 2.6 Dodging
 - Level 1.4 Stealth
 + Level 3.2 Spellcasting
 + Level 5.2 Ice Magic


You had 4 spell levels left.
You knew the following spells:

 Your Spells              Type           Power      Damage    Failure   Level
a - Freeze                Ice            84%        1d10      1%          1
b - Frozen Ramparts       Ice            42%        1d7       5%          3

Your spell library contained the following spells:

 Spells                   Type           Power      Damage    Failure   Level
 Ozocubu's Armour         Ice            21%        N/A       5%          3
 Inner Flame              Hex/Fire       2%         N/A       43%         3
 Hailstorm                Conj/Ice       12%        3d5       47%         4
 Cause Fear               Hex            1%         N/A       85%         4
 Discord                  Hex            1%         N/A       100%        8


Dungeon Overview and Level Annotations

Branches:
Dungeon (3/15) Zot: 1455

Altars:


Innate Abilities, Weirdness & Mutations

You passively map a small area around you.
You are easily found by Zot.
You glow in the dark.
You regain HP and MP as you explore.


Message History

The orc is severely wounded.
The orc misses you.
You hit the orc but do no damage.
The orc is severely wounded.
The orc closely misses you.
You hit the orc but do no damage.
The orc is severely wounded.
The orc hits you with a +0 dagger.
You hit the orc.
You kill the orc!
The orc priest invokes the aid of Beogh against you.
Pain shoots through your body!
Unknown command.
Things that are here:
a +0 dagger; a +0 scale mail; an orc corpse The rat attacks as you move away!
The rat bites you but does no damage. The orc priest misses you.
Casting: Frozen Ramparts (quite dangerous; 5% risk of failure)
Confirm with . or Enter, or press ? or * to list all spells.
Aiming: Freeze (safe; 1% risk of failure)
Press: ? - help, Shift-Dir - straight line, f - orc priest
Aim: an orc priest, wielding a +0 short sword and wearing a +0 leather armour You freeze the orc priest.
The orc priest is lightly wounded.
The rat closely misses you.
The orc priest hits you with a +0 short sword.
Casting: Freeze (safe; 1% risk of failure)
Confirm with . or Enter, or press ? or * to list all spells.
Aiming: Freeze (safe; 1% risk of failure)
Press: ? - help, Shift-Dir - straight line, f/p - orc priest
Aim: an orc priest, wielding a +0 short sword and wearing a +0 leather armour (lightly wounded)
You freeze the orc priest.
The orc priest is moderately wounded.
The rat bites you.
The orc priest hits you with a +0 short sword.
The rat attacks as you move away! The rat bites you but does no damage.
The orc priest mumbles some strange prayers to Beogh against you.
Beogh smites you!
Ouch! That really hurt!
You die...

#.# *#. * *..##.. #.#
##.... ##.....## #.#
##..#r# ##........ ##.#
#..##(####...)>....
...###......##..........
,
..<.........#...........
....###.....#...........
, ,,
...####...[...).o.......
*
.....))....[...r@.......
,
...####......###?###....
...# #......# #.#* , ##
...# #......# #.# , *,
...# #......#*... **
##.# #......# ..# * #.#
####.#<# ..# ,
#.#######...##..# * ,
##.##......### *


You could see an orc priest and a rat.

Vanquished Creatures
  A dart slug (D:1)
  4 orcs (D:3)
  2 ball pythons (D:2)
  An endoplasm (D:1)
  4 giant cockroaches
  A quokka (D:1)
  3 bats
  3 frilled lizards
  A goblin (D:1)
  5 kobolds
  A rat (D:1)
26 creatures vanquished.

Vanquished Creatures (others)
  4 plants (D:1)
4 creatures vanquished.

Grand Total: 30 creatures vanquished

Notes
Turn   | Place    | Note
-------+----------+-------------------------------------------
     0 | D:1      | hawla the Meteoran Ice Elementalist began the quest for the
                  | Orb.
     0 | D:1      | Reached XP level 1. HP: 14/14 MP: 5/5
    62 | D:1      | Reached XP level 2. HP: 15/20 MP: 2/6
   170 | D:1      | Reached XP level 3. HP: 26/26 MP: 2/8
   182 | D:1      | Learned a level 3 spell: Frozen Ramparts
   189 | D:2      | Reached skill level 5 in Ice Magic
   338 | D:3      | Killed from afar by an orc priest

Illustrated notes

Levels and vault maps discovered:
D:1:      psy_arrival_conway, layout_rooms, serial_bayou_lagoon_a
D:2:      layout_basic, chequers_ecumenical_altar_grove
D:3:      layout_rooms, kennysheep_path_1, uniq_grinder

Skill      XL: |  1  2  3 |
---------------+----------+-----
Ice Magic      | 5 |  5.2
Spellcasting   | 3 |  3.2
Dodging        | |  2.6
Stealth        | |  1.4

Action                   || total
-------------------------++-------
Melee: Unarmed           ||     2
       Dagger            ||    35
       Punch             ||     1
 Cast: Freeze            ||    23
       Frozen Ramparts   ||     3
  Use: Scroll            ||     2
Armor: Robe              ||     8
Dodge: Dodged            ||    26
